 Dungeon Crawl Stone Soup version 0.25-a0-346-g140ab784a8 (webtiles) character file.

Game seed: 4815529141472496893, levelgen mode: classic

521729 EnegeticOcto the Acrobat (level 24, -10/118 HPs)
             Began as a Spriggan Warper on Dec 30, 2019.
             Was the Champion of Okawaru.
             Mangled by an azure jelly (43 damage)
             ... created by the Royal Jelly
             ... on level 5 of the Pits of Slime on Dec 31, 2019.
             The game lasted 03:03:13 (86753 turns).

EnegeticOcto the Acrobat (Spriggan Warper)         Turns: 86753, Time: 03:03:13

Health: -10/118    AC: 21    Str: 15    XL:     24   Next: 67%
Magic:  39/44      EV: 37    Int: 23    God:    Okawaru [******]
Gold:   4175       SH: 10    Dex: 23    Spells: 6/55 levels left

rFire    + + .     SeeInvis +   a - +8 fustibalus (venom)
rCold    . . .     Gourm    .   k - +1 buckler {rF+}
rNeg     . . .     Faith    .   w - +0 acid dragon scales
rPois    +         Spirit   .   K - +3 hat of Xisoc {rElec}
rElec    +         Reflect  .   q - +2 cloak of Faiciarr {Int+7}
rCorr    +         Harm     .   (gloves unavailable)
MR       +++++                  (boots unavailable)
Stlth    ++++......             R - amulet "Xafirch" {Acrobat rPois rC+ MR+++ Stlth-}
HPRegen  0.29/turn              L - ring of the Thistle {Wiz rElec rF+ rC- Dex+6}
MPRegen  0.29/turn              x - +6 ring of protection

@: deflect missiles, very quick
A: very small, unfitting armour, see invisible, herbivore, speed 3, frail 1,
slow metabolism 2
}: 2/15 runes: decaying, serpentine
a: Heroism, Finesse, Renounce Religion


You were on level 5 of the Pits of Slime.
You worshipped Okawaru.
Okawaru was exalted by your worship.
You were not hungry.

You visited 9 branches of the dungeon, and saw 48 of its levels.

You collected 6154 gold pieces.
You spent 1979 gold pieces at shops.

Inventory:

Hand Weapons
 a - a +8 fustibalus of venom (weapon)
 b - a +3 dagger of electrocution
Missiles
 I - 285 sling bullets (quivered)
 V - 3 curare-tipped darts
Armour
 k - a +1 buckler of fire resistance (worn)
 q - the +2 cloak of Faiciarr (worn) {Int+7}
   (You bought it in a shop on level 2 of the Orcish Mines)

   It affects your intelligence (+7).
 w - +0 acid dragon scales (worn)
 K - the +3 hat of Xisoc (worn) {rElec}
   (Okawaru gifted it to you on level 11 of the Dungeon)

   It insulates you from electricity.
Jewellery
 x - a +6 ring of protection (right hand)
 D - the amulet "Qeyffim" {+Blink Regen+}
   (You took it off a deep elf demonologist on level 3 of the Elven Halls)

   [amulet of regeneration]

   It lets you blink.
   It increases your rate of regeneration.
 L - the ring of the Thistle (left hand) {Wiz rElec rF+ rC- Dex+6}
   (You found it on level 11 of the Dungeon)

   [ring of wizardry]

   It improves your spell success rate.
   It affects your dexterity (+6).
   It protects you from fire.
   It makes you vulnerable to cold.
   It insulates you from electricity.
 R - the amulet "Xafirch" (around neck) {Acrobat rPois rC+ MR+++ Stlth-}
   (You found it on level 4 of the Lair of Beasts)

   [amulet of the acrobat]

   It helps you evade while moving and waiting.
   It protects you from cold.
   It protects you from poison.
   It affects your resistance to hostile enchantments.
   It makes you less stealthy.
 Y - an uncursed ring of protection from fire
Wands
 h - a wand of flame (59)
 s - a wand of paralysis (28)
 C - a wand of enslavement (5)
 T - a wand of polymorph (23)
 W - a wand of digging (17)
 X - a wand of scattershot (6)
 Z - a wand of acid (13)
Scrolls
 d - 4 scrolls of blinking {@r4}
 g - 23 scrolls of teleportation {@r3 !r}
 o - 2 scrolls of holy word
 r - 3 scrolls of immolation
 u - 30 scrolls of remove curse {@r2}
 v - 9 scrolls of fog {!r}
 y - 9 scrolls of enchant armour
 F - 7 scrolls of vulnerability
 J - 6 scrolls of magic mapping {@r5 !r}
 N - 10 scrolls of identify {@r1}
 O - 3 scrolls of fear {!r}
 S - a scroll of summoning
Potions
 c - 6 potions of berserk rage
 f - 21 potions of curing {@q1 !q}
 j - 6 potions of flight
 l - 6 potions of brilliance
 m - 13 potions of lignification {@q6}
 n - 3 potions of resistance
 p - 5 potions of haste {@q4 !q}
 t - 10 potions of agility {@q5 !q}
 z - 9 potions of might {@q3 !q}
 A - 7 potions of heal wounds {@q2 !q}
 B - 10 potions of cancellation
 G - 5 potions of ambrosia
 M - 2 potions of magic
 U - 2 potions of invisibility
Miscellaneous
 H - 2 boxes of beasts
 P - a lamp of fire
 Q - a phantom mirror
Comestibles
 e - 28 rations


   Skills:
 + Level 15.6 Fighting
 - Level 10.0 Short Blades
 - Level 14.0 Slings
 - Level 1.0(7.8) Throwing
 + Level 10.9 Armour
 + Level 21.1 Dodging
 - Level 10.0 Stealth
 - Level 7.4 Shields
 + Level 16.2 Spellcasting
 - Level 4.0 Conjurations
 - Level 14.0 Hexes
 - Level 10.0 Charms
 - Level 3.0 Necromancy
 + Level 20.5 Translocations
 - Level 10.0 Transmutations
 - Level 6.0 Air Magic
 - Level 12.0 Invocations
 + Level 16.4 Evocations


You had 6 spell levels left.
You knew the following spells:

 Your Spells              Type           Power        Failure   Level  Hunger
a - Invisibility          Hex            ######..     1%          6    ####...
b - Shroud of Golubria    Chrm/Tloc      ######       0%          2    None
c - Gell's Gravitas       Tloc           #######...   0%          3    None
d - Apportation           Tloc           ######       0%          1    None
e - Irradiate             Conj/Tmut      ######....   2%          5    ##.....
f - Confuse               Hex            ######..     1%          3    None
g - Summon Mana Viper     Hex/Summ       ######..     2%          5    ##.....
h - Swiftness             Chrm/Air       ######..     1%          2    None
i - Deflect Missiles      Chrm/Air       ######....   9%          6    ####...
j - Silence               Hex/Air        ######....   1%          5    ##.....
k - Portal Projectile     Hex/Tloc       ######       0%          3    None
p - Passwall              Tmut/Erth      #####...     1%          2    None
O - Summon Butterflies    Summ           ###.....     1%          1    None
T - Regeneration          Chrm/Necr      #####.....   1%          3    None
Y - Blink                 Tloc           N/A          0%          2    None

Your spell library contained the following spells:

 Spells                   Type           Power        Failure   Level  Hunger
 Corona                   Hex            ######.      0%          1    None
 Slow                     Hex            ######..     0%          2    None
 Lesser Beckoning         Tloc           #######...   0%          3    None
 Teleport Other           Tloc           #######.     0%          3    None
 Passage of Golubria      Tloc           N/A          0%          4    None
 Beastly Appendage        Tmut           ######       1%          1    None
 Infusion                 Chrm           ####         1%          1    None
 Magic Dart               Conj           ####         1%          1    None
 Pain                     Necr           ####         1%          1    None
 Sting                    Tmut/Pois      ####         1%          1    None
 Ensorcelled Hibernation  Hex/Ice        ######       1%          2    None
 Poisonous Vapours        Pois/Air       ####..       1%          2    None
 Searing Ray              Conj           #####.       1%          2    None
 Song of Slaying          Chrm           ######..     1%          2    None
 Sticks to Snakes         Tmut           ######..     1%          2    None
 Sublimation of Blood     Necr           ####......   1%          2    None
 Conjure Flame            Conj/Fire      ####....     1%          3    None
 Dazzling Flash           Conj/Hex       ######       1%          3    None
 Ignite Poison            Fire/Tmut/Pois ####....     1%          3    None
 Inner Flame              Hex/Fire       ######..     1%          3    None
 Mephitic Cloud           Conj/Pois/Air  ####....     1%          3    None
 Recall                   Summ/Tloc      N/A          1%          3    None
 Spectral Weapon          Hex/Chrm       ######..     1%          3    None
 Spider Form              Tmut/Pois      #####.....   1%          3    None
 Tukima's Dance           Hex            ######..     1%          3    None
 Cause Fear               Hex            ######....   1%          4    None
 Fulminant Prism          Conj/Hex       ######....   1%          4    None
 Ice Form                 Ice/Tmut       #####...     1%          4    None
 Iskenderun's Mystic Bla  Conj/Tloc      ######..     1%          4    None
 Leda's Liquefaction      Hex/Erth       ######....   1%          4    None
 Petrify                  Tmut/Erth      #####...     1%          4    None
 Blade Hands              Tmut           ######....   1%          5    ##.....
 Summon Forest            Summ/Tloc      ######....   1%          5    ##.....
 Darkness                 Hex            ######....   1%          6    ####...
 Call Imp                 Summ           ###.....     2%          2    None
 Excruciating Wounds      Chrm/Necr      #####.....   2%          5    ##.....
 Iskenderun's Battlesphe  Conj/Chrm      ######..     2%          5    ##.....
 Call Canine Familiar     Summ           ###.....     4%          3    None
 Summon Lightning Spire   Summ/Air       ####....     4%          4    None
 Hydra Form               Tmut           ######....   4%          6    ####...
 Alistair's Intoxication  Tmut/Pois      #####...     6%          5    ##.....
 Summon Ice Beast         Ice/Summ       ###.....     16%         4    None
 Bolt of Magma            Conj/Fire/Erth ###.......   24%         5    ##.....
 Conjure Ball Lightning   Conj/Air       #####.....   28%         6    ####...
 Eringya's Noxious Bog    Tmut/Pois      #####.....   28%         6    ####...
 Statue Form              Tmut/Erth      #####....    28%         6    ####...
 Aura of Abjuration       Summ           ###.......   38%         5    ##.....
 Lee's Rapid Deconstruct  Erth           ###.......   38%         5    ##.....
 Summon Demon             Summ           ###.......   38%         5    ##.....
 Freezing Cloud           Conj/Ice/Air   ####......   50%         6    ####...
 Iron Shot                Conj/Erth      ####......   67%         6    ####...
 Simulacrum               Ice/Necr       ####......   75%         6    ####...
 Shadow Creatures         Summ           N/A          90%         6    ####...
 Dragon Form              Tmut           ######....   21%         7    ######.
 Ring of Flames           Chrm/Fire      #####.....   82%         7    ######.
 Orb of Destruction       Conj           #####.....   91%         7    ######.
 Haunt                    Necr/Summ      ####......   99%         7    ######.
 Spellforged Servitor     Conj/Summ      ####......   99%         7    ######.
 Death's Door             Chrm/Necr      #####.....   99%         8    #######
 Necromutation            Tmut/Necr      #####.....   99%         8    #######
 Summon Hydra             Summ           ###.......   100%        7    ######.
 Borgnjor's Revivificati  Necr           ####......   100%        8    #######
 Infestation              Necr           ####......   100%        8    #######
 Shatter                  Erth           ###.......   100%        9    #######
 Tornado                  Air            #####.....   100%        9    #######


Dungeon Overview and Level Annotations

Branches:
Dungeon (15/15)            Temple (0/1) D:5            Lair (6/6) D:11
  Swamp (4/4) Lair:3        Snake (4/4) Lair:4        Slime (5/5) Lair:6
    Orc (2/2) D:12            Elf (3/3) Orc:2        Vaults (4/5) D:14
  Crypt (0/3) Vaults:2     Depths (5/5) D:15            Zot (0/5) Depths:5

Altars:
Ashenzari
Fedhas
Makhleb
Nemelex Xobeh
Okawaru
Sif Muna
Vehumet
Wu Jian
Yredelemnul
Zin
The Shining One

Shops:
D:6 %!!   Orc:1 =   Orc:2 %%[[   Elf:3 =   Snake:1 *   Vaults:1 *   Vaults:2 =

Portals:
Hell: Depths:1 Depths:2 Depths:3 Depths:4 Depths:5
Abyss: Depths:4
Pandemonium: Depths:3
Ziggurat: Depths:1

Annotations:
D:6 5 exclusions
Lair:3 3 runed translucent doors, Ihumuem's ghost, journeyman DECj
Orc:2 2 transporters, bmj180's ghost, journeyman GrEE
Elf:2 3 runed translucent doors
Depths:1 2 transporters, Etavak's ghost, legendary TrMo


Innate Abilities, Weirdness & Mutations

You are very small and have problems with some larger weapons.
You are too small for most types of armour.
You have supernaturally acute eyesight. (SInv)
You are a herbivore.
You cover ground extremely quickly.
You need to consume almost no food.
You are frail. (-10% HP)


Message History

Aim: a slime creature (severely wounded)
You shoot a sling bullet.
The sling bullet hits the slime creature!!
You kill the slime creature!
Okawaru accepts your kill.
Firing (i - inventory. (/) - cycle)
I - 287 sling bullets (quivered)
Press: ? - help, Shift-Dir - straight line, f - you Really target yourself?
Okay, then.
You feel yourself slow down.
You feel like a meek peon again.
HP restored.
Magic restored.
I - 288 sling bullets (gained 1)
I - 293 sling bullets (gained 5)
I - 296 sling bullets (gained 3)
The slime creature is too close now for your liking.
There are monsters nearby!
There are monsters nearby!
(D) Dungeon (T) Temple (L) Lair (S) Swamp (P) Snake Pit (M) Slime Pits (O) Orcish Mines (E) Elven Halls (V) Vaults (C) Crypt (U) Depths (H) Hell (Z) Zot
Where to? (Enter - Slime:4 @ (x,y), ? - help)
There is a stone staircase leading down here.
You climb downwards.
There is a stone staircase leading up, spattered with blood here.
No target in view!
The azure jelly is too close now for your liking.
Firing (i - inventory. (/) - cycle)
I - 296 sling bullets (quivered)
Press: ? - help, Shift-Dir - straight line, f - azure jelly
Aim: an azure jelly (hasn't noticed you)
You shoot a sling bullet. The azure jelly quivers.
The sling bullet hits the azure jelly!
The azure jelly is poisoned.
The azure jelly is lightly wounded.
Firing (i - inventory. (/) - cycle)
I - 295 sling bullets (quivered)
Press: ? - help, Shift-Dir - straight line, f/p - azure jelly
Aim: an azure jelly (lightly wounded, very poisoned)
You shoot a sling bullet. The sling bullet hits the azure jelly!
The azure jelly is moderately wounded.
Firing (i - inventory. (/) - cycle)
I - 294 sling bullets (quivered)
Press: ? - help, Shift-Dir - straight line, f/p - azure jelly
Aim: an azure jelly (moderately wounded, very poisoned)
You shoot a sling bullet.
The sling bullet barely misses the azure jelly.
Firing (i - inventory. (/) - cycle)
I - 293 sling bullets (quivered)
Press: ? - help, Shift-Dir - straight line, f/p - azure jelly
Aim: an azure jelly (moderately wounded, very poisoned)
You shoot a sling bullet.
The sling bullet barely misses the azure jelly.
Firing (i - inventory. (/) - cycle)
I - 292 sling bullets (quivered)
Press: ? - help, Shift-Dir - straight line, f/p - azure jelly
Aim: an azure jelly (moderately wounded, very poisoned)
You shoot a sling bullet. The azure jelly quivers.
The sling bullet hits the azure jelly.
The azure jelly is heavily wounded.
Firing (i - inventory. (/) - cycle)
I - 291 sling bullets (quivered)
Press: ? - help, Shift-Dir - straight line, f/p - azure jelly
Aim: an azure jelly (heavily wounded, very poisoned)
You shoot a sling bullet. The sling bullet hits the azure jelly!
The azure jelly is severely wounded.
Firing (i - inventory. (/) - cycle)
I - 290 sling bullets (quivered)
Press: ? - help, Shift-Dir - straight line, f/p - azure jelly
Aim: an azure jelly (severely wounded, very poisoned)
You shoot a sling bullet. The sling bullet hits the azure jelly!
The azure jelly is severely wounded.
Firing (i - inventory. (/) - cycle)
I - 289 sling bullets (quivered)
Press: ? - help, Shift-Dir - straight line, f/p - azure jelly
Aim: an azure jelly (severely wounded, very poisoned)
You shoot a sling bullet. The sling bullet hits the azure jelly!!
You kill the azure jelly!
That felt strangely unrewarding.
Firing (i - inventory. (/) - cycle)
I - 288 sling bullets (quivered)
Press: ? - help, Shift-Dir - straight line, f - azure jelly
Aim: an azure jelly You shoot a sling bullet.
The sling bullet hits the azure jelly!
The azure jelly is poisoned.
The azure jelly is lightly wounded.
Firing (i - inventory. (/) - cycle)
I - 287 sling bullets (quivered)
Press: ? - help, Shift-Dir - straight line, f/p - azure jelly
Aim: an azure jelly (lightly wounded, very poisoned)
You shoot a sling bullet. The sling bullet hits the azure jelly!!
The azure jelly is heavily wounded.
Casting: Gell's Gravitas (safe; 0% risk of failure)
Confirm with . or Enter, or press ? or * to list all spells.
A mana viper appears with a sibilant hiss.
The azure jelly hits you! The azure jelly freezes you!!
The azure jelly closely misses you.
The azure jelly completely misses you. x2
Firing (i - inventory. (/) - cycle)
I - 286 sling bullets (quivered)
Press: ? - help, Shift-Dir - straight line, f/p - azure jelly
Aim: an azure jelly (heavily wounded, very poisoned)
You shoot a sling bullet. The sling bullet hits the azure jelly!
The azure jelly is severely wounded.
The azure jelly hits you. The azure jelly freezes you!!!
The azure jelly hits you.
* * * LOW HITPOINT WARNING * * *
The azure jelly freezes you!!!
You die...

.........(..(....#
..........(......##
..................## ##
..#........(.......##..
#.........(...........
#.........(...........
#.........(...........
###.......(...........
##....S.@J.(........
###.#..<...........
###.(............
##.............
#..............
###............
##...........
##..........
#........#.


You could see an azure jelly and a friendly mana viper.

Vanquished Creatures
  the Royal Jelly (Slime:5)
  3 juggernauts
  Sojobo (Depths:1)
  Margery (Depths:5)
  2 golden dragons
  5 liches
  A tentacled monstrosity (Depths:3)
  Jorgrun (D:14)
  Asterion (Vaults:2)
  2 deep elf blademasters (Elf:3)
  2 deep elf master archers (Elf:3)
  16 acid blobs
  A titan (Depths:3)
  A quicksilver dragon (Depths:3)
  3 thorn hunters (Swamp:4)
  Gastronok (Lair:3)
  3 shadow dragons
  5 storm dragons
  6 tengu reavers
  2 sphinxes
  8 nagarajas
  10 fire giants
  13 azure jellies
  10 deep elf sorcerers
  Aizul (Swamp:4)
  An iron dragon (Depths:2)
  A draconian knight (Depths:5)
  A draconian stormcaller (Depths:5)
  12 vault wardens
  4 deep elf elementalists
  13 frost giants
  A war gargoyle (Depths:4)
  3 spriggan defenders
  21 very ugly things
  13 ironheart preservers
  18 stone giants
  2 entropy weavers
  An entropy weaver (shapeshifter) (Depths:2)
  6 deep elf demonologists (Elf:3)
  6 deep elf annihilators
  4 vampire knights
  A black draconian (Depths:5)
  5 spark wasps
  2 purple draconians (Depths:5)
  6 deep elf death magi
  2 crystal guardians (Depths:4)
  7 death oozes
  14 ettins
  9 fire dragons
  13 yaktaur captains
  5 deep elf high priests
  22 hydras
  19 naga warriors
  8 vault guards
  12 ice dragons
  11 great orbs of eyes
  5 rakshasas
  7 anacondas
  6 spriggan air magi
  A ghost crab (Swamp:3)
  56 two-headed ogres
  4 catoblepae
  15 centaur warriors
  3 death knights
  11 deep troll shamans
  13 alligators
  4 shock serpents
  2 vampire magi
  3 hell hogs (Depths:2)
  22 ogre magi
  12 dancing weapons
  8 deep troll earth magi
  10 spriggan berserkers
  17 death yaks
  5 hell knights (Depths:5)
  14 naga sharpshooters
  20 deep elf knights
  5 skeletal warriors
  4 salamander mystics
  5 iron trolls
  2 spriggan druids
  2 flayed ghosts
  25 deep trolls
  7 wizards
  14 deep elf archers
  9 swamp dragons
  7 naga ritualists
  2 phantasmal warriors
  A lindwurm (shapeshifter) (Depths:1)
  7 glowing orange brains
  9 ironbrand convokers
  A lindwurm (Lair:5)
  5 harpies (Vaults:2)
  7 mana vipers
  10 orc knights
  2 wolf spiders (Vaults:4)
  2 stone giant zombies
  3 shining eyes
  An oklob plant (Swamp:1)
  57 ugly things
  54 deep elf magi
  4 necromancers
  4 orc sorcerers
  5 manticores
  A fire giant skeleton (Vaults:2)
  2 manticores (shapeshifter)
  17 salamanders
  4 cyclopes
  A black mamba (shapeshifter) (Vaults:2)
  2 eyes of devastation (Slime:4)
  3 elephants (Lair:4)
  6 guardian serpents
  42 black mambas
  12 vault sentinels
  4 gargoyles
  A storm dragon simulacrum (Vaults:1)
  22 naga magi
  15 rime drakes
  5 freezing wraiths
  13 spiny frogs
  5 komodo dragons
  4 kobold demonologists
  An efreet (D:15)
  46 yaktaurs
  A human skeleton (Vaults:4)
  2 tengu conjurers
  A queen bee (shapeshifter) (Depths:2)
  6 hornets
  7 trolls
  A meliai (shapeshifter) (Elf:3)
  3 polar bears (Lair:3)
  7 tyrant leeches
  13 bog bodies
  A hornet (shapeshifter) (D:15)
  A raiju (shapeshifter) (Depths:4)
  67 slime creatures
  A dream sheep (shapeshifter) (Depths:2)
  13 dream sheep
  21 blink frogs
  A meliai zombie (D:14)
  A centaur simulacrum (D:15)
  12 hippogriffs
  A stone giant simulacrum (Vaults:3)
  6 air elementals
  A water elemental (Elf:2)
  3 shadows
  2 redbacks
  3 vampires (Vaults:2)
  A yak (shapeshifter) (Depths:3)
  3 fire elementals
  7 spriggans
  A hog (shapeshifter) (Depths:2)
  2 tarantellas (shapeshifter)
  A wraith (D:10)
  3 basilisks
  5 golden eyes (Slime:2)
  4 wyverns
  58 yaks
  A golden eye (shapeshifter) (Vaults:3)
  7 steam dragons (Lair:5)
  13 vampire mosquitoes
  A hungry ghost (D:15)
  A warg (Vaults:4)
  18 swamp worms
  5 hell hounds (Depths:2)
  4 acid dragons
  48 nagas
  9 insubstantial wisps
  3 floating eyes
  6 porcupines
  18 water moccasins
  15 swamp drakes
  31 orc warriors
  6 ice beasts
  2 sky beasts
  An elf zombie (Vaults:2)
  A black bear (D:8)
  6 eyes of draining
  A phantom (D:12)
  A black bear (shapeshifter) (Vaults:1)
  A human zombie (Vaults:2)
  8 boggarts
  A necrophage (D:11)
  13 centaurs
  11 wolves
  61 ogres
  An elf skeleton (Vaults:4)
  4 big kobolds
  15 crocodiles
  10 bullfrogs
  A wyvern zombie (D:14)
  3 earth elementals
  A gnoll sergeant (D:6)
  4 scorpions
  A hornet simulacrum (D:13)
  A water moccasin skeleton (D:10)
  5 killer bees (D:9)
  An orc simulacrum (Vaults:2)
  3 wights (D:15)
  2 howler monkeys
  7 crimson imps
  3 centaur zombies
  3 jellies
  A human simulacrum (Vaults:2)
  9 hounds
  5 centaur skeletons
  10 orc priests
  An iron imp (Depths:5)
  3 iguanas
  3 bullfrog skeletons
  21 orc wizards
  5 hell rats
  11 worker ants
  3 hound zombies
  2 hound skeletons
  2 worker ant zombies
  18 adders
  6 gnolls
  8 shadow imps
  An adder zombie (D:8)
  3 worms
  A dart slug (D:3)
  2 leopard geckos
  90 orcs
  9 giant cockroaches
  6 goblins
  7 hobgoblins
  6 jackals
  6 quokkas
  5 bats
  3 frilled lizards
  A jackal zombie (D:7)
  13 kobolds
  A leopard gecko zombie (D:7)
  A quokka skeleton (D:4)
  4 rats
  2 crawling corpses (D:13)
1928 creatures vanquished.

Vanquished Creatures (collateral kills)
  An ancient lich (Depths:4)
  An acid blob (Slime:5)
  A frost giant (Vaults:3)
  An azure jelly (Slime:4)
  A war gargoyle (Depths:4)
  A great orb of eyes (Slime:5)
  2 two-headed ogres (Vaults:3)
  A deep elf knight (Vaults:3)
  A shining eye (Slime:5)
  A slime creature (Slime:5)
11 creatures vanquished.

Vanquished Creatures (others)
  Nikola (Vaults:1)
  A lich (Depths:4)
  A tengu reaver (Vaults:3)
  A storm dragon (Depths:2)
  A frost giant (Depths:3)
  A vampire knight (Depths:2)
  A fire dragon (Depths:1)
  A vault guard (Vaults:3)
  An ice dragon (Vaults:3)
  A two-headed ogre (Vaults:3)
  An ogre mage (Depths:4)
  A hell hog (Depths:2)
  A spriggan (Swamp:4)
  An ironbrand convoker (Vaults:4)
  A deep elf mage (Elf:1)
  A deep elf archer (Elf:3)
  2 yaktaurs
  A hornet (Swamp:4)
  A blink frog (Swamp:4)
  A fire elemental (Elf:3)
  A water elemental (Elf:3)
  An ogre (Vaults:4)
  9 fungi
  16 plants
48 creatures vanquished.

Grand Total: 1987 creatures vanquished

Notes
Turn   | Place    | Note
-------+----------+-------------------------------------------
     0 | D:1      | EnegeticOcto the Spriggan Warper began the quest for the
                  | Orb.
     0 | D:1      | Reached XP level 1. HP: 10/10 MP: 5/5
     0 | D:1      | Upgraded the game from 0.25-a0-341-g6f074c887a to
                  | 0.25-a0-346-g140ab784a8
    11 | D:1      | You fall into a shaft and drop 1 floor!
   326 | D:2      | Reached skill level 1 in Stealth
   772 | D:1      | Reached XP level 2. HP: 14/14 MP: 6/6
  1076 | D:1      | Found an iron altar of Okawaru.
  1085 | D:1      | Became a worshipper of Warmaster Okawaru
  1662 | D:2      | Learned a level 2 spell: Blink
  1665 | D:2      | Learned a level 2 spell: Shroud of Golubria
  2009 | D:2      | Reached XP level 3. HP: 14/18 MP: 5/8
  2387 | D:2      | Reached skill level 1 in Charms
  2726 | D:2      | Reached XP level 4. HP: 22/22 MP: 5/9
  3782 | D:3      | Reached XP level 5. HP: 21/25 MP: 9/11
  4140 | D:3      | Reached skill level 5 in Stealth
  4186 | D:3      | Found a blossoming altar of Fedhas.
  4795 | D:4      | Reached * piety under Okawaru
  5003 | D:4      | Reached XP level 6. HP: 25/30 MP: 13/13
  5833 | D:5      | Entered Level 5 of the Dungeon
  5871 | D:5      | Reached skill level 1 in Evocations
  5890 | D:5      | Found a staircase to the Ecumenical Temple.
  5945 | D:5      | Learned a level 3 spell: Confuse
  5953 | D:5      | Noticed an ice beast
  5960 | D:5      | Killed an ice beast
  5960 | D:5      | Reached ** piety under Okawaru
  5960 | D:5      | Reached skill level 4 in Dodging
  5960 | D:5      | Reached skill level 1 in Invocations
  5989 | D:5      | Found a sparkling altar of Nemelex Xobeh.
  6045 | D:5      | Reached XP level 7. HP: 35/35 MP: 15/15
  6127 | D:5      | Reached skill level 5 in Spellcasting
  6498 | D:6      | Found Haizowin's Distillery.
  6501 | D:6      | Found Yxtiwo Wisa's Distillery.
  6520 | D:6      | Bought a potion of heal wounds for 65 gold pieces
  6520 | D:6      | Bought a potion of cancellation for 104 gold pieces
  6550 | D:6      | Bought a potion of heal wounds for 55 gold pieces
  6594 | D:6      | Found Dyclohug's Food Shop.
  6917 | D:5      | Learned a level 3 spell: Gell's Gravitas
  7294 | D:7      | Reached skill level 5 in Dodging
  7321 | D:7      | Reached skill level 5 in Short Blades
  7342 | D:7      | Reached *** piety under Okawaru
  7427 | D:7      | Reached XP level 8. HP: 39/39 MP: 9/16
  7864 | D:7      | Reached skill level 1 in Shields
  8300 | D:7      | Reached skill level 6 in Dodging
  8559 | D:7      | Identified a scroll of acquirement
  8560 | D:7      | Got a steaming hunting sling
  8561 | D:7      | Identified the +9 hunting sling "Arbiter" {freeze, +Fly
                  | rElec rF-} (You acquired it on level 7 of the Dungeon)
  8937 | D:7      | Reached skill level 5 in Evocations
  8995 | D:8      | Noticed a two-headed ogre
  9024 | D:8      | Killed a two-headed ogre
  9024 | D:8      | Received a gift from Okawaru
  9024 | D:8      | Reached XP level 9. HP: 44/44 MP: 17/17
  9047 | D:8      | Noticed a two-headed ogre
  9074 | D:8      | Killed a two-headed ogre
  9074 | D:8      | Reached **** piety under Okawaru
  9304 | D:8      | Reached skill level 5 in Slings
  9858 | D:8      | Reached ***** piety under Okawaru
  9937 | D:8      | Reached XP level 10. HP: 49/49 MP: 18/18
 10393 | D:8      | Got scorched shadow dragon scales
 10404 | D:8      | Identified the +1 shadow dragon scales of Ceuv {*Corrode
                  | rElec rC++ Stlth++++} (You acquired it on level 8 of the
                  | Dungeon)
 10949 | D:9      | Noticed a two-headed ogre
 10972 | D:9      | Killed a two-headed ogre
 11186 | D:9      | Received a gift from Okawaru
 11359 | D:9      | Found a glowing golden altar of the Shining One.
 11361 | D:9      | Found a shimmering blue altar of Sif Muna.
 11366 | D:9      | Found a glowing silver altar of Zin.
 11369 | D:9      | Found an iron altar of Okawaru.
 11370 | D:9      | Found a burning altar of Makhleb.
 11486 | D:10     | Entered Level 10 of the Dungeon
 11701 | D:10     | Reached skill level 5 in Shields
 11734 | D:10     | You fall into a shaft and drop 1 floor!
 11871 | D:10     | Received a gift from Okawaru
 12159 | D:10     | Noticed a two-headed ogre
 12163 | D:10     | Killed a two-headed ogre
 12284 | D:10     | Received a gift from Okawaru
 12656 | D:11     | Found a basalt altar of Yredelemnul.
 12696 | D:11     | Noticed a gargoyle
 12701 | D:11     | Killed a gargoyle
 12701 | D:11     | Received a gift from Okawaru
 12701 | D:11     | Reached XP level 11. HP: 27/54 MP: 19/19
 12704 | D:11     | Got a steaming hat {god gift}
 12722 | D:10     | Identified the +3 hat of Xisoc {rElec} (Okawaru gifted it
                  | to you on level 11 of the Dungeon)
 12945 | D:11     | Noticed a four-headed hydra
 12953 | D:11     | Killed a four-headed hydra
 12953 | D:11     | Reached skill level 5 in Fighting
 13029 | D:11     | Noticed a death yak
 13082 | D:11     | Killed a death yak
 13082 | D:11     | Reached skill level 10 in Short Blades
 13152 | D:11     | Found a staircase to the Lair.
 13166 | D:11     | Noticed a death yak
 13179 | D:11     | Noticed a death yak
 13179 | D:11     | Noticed a death yak
 13179 | D:11     | Noticed a death yak
 13221 | D:11     | Killed a death yak
 13245 | D:11     | Killed a death yak
 13287 | D:11     | Killed a death yak
 13287 | D:11     | Reached ****** piety under Okawaru
 13350 | D:11     | Noticed a death yak
 13356 | D:11     | Killed a death yak
 13380 | D:11     | Reached skill level 5 in Invocations
 13414 | D:11     | Killed a death yak
 13414 | D:11     | Reached skill level 7 in Dodging
 13720 | D:11     | Noticed a tengu reaver
 13730 | D:11     | Killed a tengu reaver
 13730 | D:11     | Received a gift from Okawaru
 13730 | D:11     | Reached skill level 8 in Dodging
 13730 | D:11     | Reached XP level 12. HP: 60/60 MP: 21/23
 13794 | D:11     | Noticed an ettin
 13862 | D:11     | Killed an ettin
 13862 | D:11     | Received a gift from Okawaru
 14010 | D:11     | Noticed a deep troll earth mage
 14073 | D:11     | Killed a deep troll earth mage
 14105 | D:11     | Reached skill level 9 in Dodging
 14273 | D:11     | Noticed a frost giant
 14800 | D:11     | Got a clouded ivory ring
 14802 | D:11     | Identified the ring of the Thistle {Wiz rElec rF+ rC-
                  | Dex+6} (You found it on level 11 of the Dungeon)
 15065 | D:11     | Killed a frost giant
 15152 | Lair:1   | Entered Level 1 of the Lair of Beasts
 15450 | Lair:1   | Reached skill level 10 in Dodging
 16921 | Lair:2   | Noticed a six-headed hydra
 16932 | Lair:2   | Killed a six-headed hydra
 17024 | Lair:2   | Received a gift from Okawaru
 17046 | Lair:2   | Reached skill level 10 in Spellcasting
 17861 | Lair:3   | Got an ominously black robe
 17872 | Lair:3   | Identified the +5 robe "Vaahehai" {rElec} (You found it on
                  | level 3 of the Lair of Beasts)
 17927 | Lair:3   | Reached skill level 1 in Hexes
 18014 | Lair:3   | Noticed an eight-headed hydra
 18038 | Lair:3   | Killed an eight-headed hydra
 18125 | Lair:3   | Found a staircase to the Swamp.
 18157 | Lair:3   | Reached XP level 13. HP: 52/63 MP: 28/28
 18303 | Lair:3   | Reached skill level 5 in Translocations
 18424 | Lair:3   | Found a runed translucent gate.
 18442 | Lair:3   | Found a runed translucent gate.
 18443 | Lair:3   | Noticed Ihumuem's ghost (journeyman DECj)
 18444 | Lair:3   | Found a runed translucent gate.
 18939 | Lair:3   | Noticed Gastronok
 19171 | Lair:3   | Killed Gastronok
 19440 | Lair:3   | Received a gift from Okawaru
 20239 | Lair:4   | Got a glittering ruby amulet
 20262 | Lair:4   | Reached skill level 10 in Slings
 20277 | Lair:4   | Received a gift from Okawaru
 20326 | Lair:4   | Found a staircase to the Snake Pit.
 20710 | Lair:4   | Reached skill level 5 in Hexes
 20775 | Lair:4   | Received a gift from Okawaru
 21535 | Lair:5   | Identified the amulet "Xafirch" {Acrobat rPois rC+ MR+++
                  | Stlth-} (You found it on level 4 of the Lair of Beasts)
 21745 | Lair:5   | Noticed Nessos
 21746 | Lair:5   | Noticed Nessos
 21746 | Lair:5   | Nessos changed into Nessos the floating eye
 21748 | Lair:5   | Killed Nessos the floating eye
 21779 | Lair:5   | Learned a level 1 spell: Apportation
 21781 | Lair:5   | Learned a level 1 spell: Summon Butterflies
 21784 | Lair:5   | Learned a level 2 spell: Passwall
 22378 | Lair:5   | Received a gift from Okawaru
 22453 | Lair:5   | Reached XP level 14. HP: 70/70 MP: 29/29
 22570 | Lair:5   | Found the +7 great mace "Firestarter" {inner flame, rF++}
 22969 | Lair:6   | Entered Level 6 of the Lair of Beasts
 23615 | D:12     | Reached skill level 1 in Armour
 23936 | D:12     | Received a gift from Okawaru
 24261 | D:12     | Reached skill level 10 in Stealth
 24383 | D:12     | Found a staircase to the Orcish Mines.
 25010 | Orc:1    | Entered Level 1 of the Orcish Mines
 25010 | Orc:1    | Found Umuev's Jewellery Emporium.
 25697 | Orc:1    | You fall into a shaft and drop 1 floor!
 25697 | Orc:2    | Entered Level 2 of the Orcish Mines
 25710 | Orc:2    | Found a transporter.
 25715 | Orc:2    | Noticed bmj180's ghost (journeyman GrEE)
 25717 | Orc:2    | Found a transporter.
 25738 | Orc:2    | Found a staircase to the Elven Halls.
 26002 | Orc:2    | Found Hylegiqo's Antique Armour Emporium.
 26002 | Orc:2    | Found Riutof's Antique Armour Shop.
 26008 | Orc:2    | Reached skill level 10 in Translocations
 26057 | Orc:2    | Found Niucwe's Food Emporium.
 26057 | Orc:2    | Found Wujorr's Food Boutique.
 26122 | Orc:2    | Bought a jewelled cloak for 266 gold pieces
 26132 | Orc:2    | Identified the +2 cloak of Faiciarr {Int+7} (You bought it
                  | in a shop on level 2 of the Orcish Mines)
 26207 | Orc:2    | Received a gift from Okawaru
 26210 | Orc:2    | Got a brightly glowing robe {god gift}
 26221 | Orc:2    | Identified the +0 robe of Divine Intervention {rPois
                  | Stlth+} (Okawaru gifted it to you on level 2 of the Orcish
                  | Mines)
 27690 | D:13     | Got a heavy robe
 27704 | D:13     | Identified the +0 robe of Disaster {rElec rPois} (You found
                  | it on level 13 of the Dungeon)
 27824 | D:13     | Reached XP level 15. HP: 78/78 MP: 30/30
 28139 | D:14     | Reached skill level 5 in Armour
 28714 | D:14     | Noticed Jorgrun
 28741 | D:14     | Killed Jorgrun
 28741 | D:14     | Received a gift from Okawaru
 28752 | D:14     | Identified the +2 morningstar of Yntipoth {crush, Int+3}
                  | (Okawaru gifted it to you on level 14 of the Dungeon)
 29000 | D:14     | Reached skill level 10 in Fighting
 29245 | D:14     | Found a gate to the Vaults.
 29479 | D:14     | Received a gift from Okawaru
 29830 | D:14     | Found a burning altar of Makhleb.
 29893 | D:15     | Entered Level 15 of the Dungeon
 30195 | D:15     | Received a gift from Okawaru
 30435 | D:15     | Found a staircase to the Depths.
 30464 | D:15     | Reached skill level 11 in Dodging
 31472 | Lair:6   | Reached skill level 10 in Invocations
 31478 | Lair:6   | Received a gift from Okawaru
 31949 | Lair:6   | Reached XP level 16. HP: 86/86 MP: 31/31
 32039 | Lair:6   | Reached skill level 12 in Dodging
 32726 | Lair:6   | Found a staircase to the Slime Pits.
 33170 | Snake:1  | Entered Level 1 of the Snake Pit
 33180 | Snake:1  | Found a radiant altar of Vehumet.
 33716 | Snake:1  | Found Ygiyhed's Assorted Antiques.
 33724 | Snake:1  | Bought a scroll of acquirement for 1196 gold pieces
 33724 | Snake:1  | Bought a runed leather armour for 115 gold pieces
 33724 | Snake:1  | Bought a scroll of fog for 46 gold pieces
 33908 | Snake:1  | Received a gift from Okawaru
 35211 | Snake:2  | Reached skill level 13 in Dodging
 35905 | Snake:3  | Reached skill level 10 in Evocations
 36185 | Snake:3  | Received a gift from Okawaru
 38344 | Snake:3  | Reached skill level 14 in Dodging
 39271 | Snake:4  | Entered Level 4 of the Snake Pit
 39291 | Snake:4  | Reached XP level 17. HP: 93/93 MP: 32/32
 39843 | Snake:4  | Received a gift from Okawaru
 41646 | Snake:4  | Reached skill level 15 in Dodging
 42951 | Snake:4  | Learned a level 5 spell: Irradiate
 42955 | Snake:4  | Learned a level 3 spell: Regeneration
 43440 | Snake:4  | Reached skill level 1 in Transmutations
 43592 | Snake:4  | Reached skill level 1 in Necromancy
 43735 | Snake:4  | Received a gift from Okawaru
 43877 | Snake:4  | Reached skill level 5 in Charms
 43955 | Snake:4  | Received a gift from Okawaru
 44008 | Snake:4  | Got a serpentine rune of Zot
 44469 | Swamp:1  | Entered Level 1 of the Swamp
 44904 | Swamp:1  | Received a gift from Okawaru
 46567 | Swamp:2  | Reached XP level 18. HP: 75/98 MP: 28/33
 47094 | Swamp:2  | Reached skill level 5 in Transmutations
 48629 | Swamp:4  | Entered Level 4 of the Swamp
 48660 | Swamp:4  | Received a gift from Okawaru
 48939 | Swamp:4  | Received a gift from Okawaru
 49342 | Swamp:4  | Received a gift from Okawaru
 49595 | Swamp:4  | Got a decaying rune of Zot
 50113 | Swamp:4  | Received a gift from Okawaru
 50137 | Swamp:4  | Reached skill level 10 in Charms
 50464 | Swamp:4  | Noticed Aizul
 50504 | Swamp:4  | Killed Aizul
 51298 | Vaults:1 | Entered Level 1 of the Vaults
 51494 | Vaults:1 | Noticed Nikola
 51505 | Vaults:1 | Killed Nikola
 52145 | Vaults:1 | Reached skill level 10 in Transmutations
 52384 | Vaults:1 | Found Siojuute's Assorted Antiques.
 52427 | Vaults:1 | Bought a scroll of fog for 66 gold pieces
 52427 | Vaults:1 | Bought a wand of paralysis (8) for 66 gold pieces
 52584 | Vaults:1 | Received a gift from Okawaru
 52963 | Vaults:1 | Received a gift from Okawaru
 53519 | Vaults:1 | Reached skill level 10 in Armour
 53571 | Vaults:1 | Reached XP level 19. HP: 95/102 MP: 27/34
 53605 | Vaults:1 | Reached skill level 1 in Conjurations
 53841 | Vaults:1 | Received a gift from Okawaru
 54415 | Vaults:1 | Learned a level 6 spell: Invisibility
 54799 | Vaults:2 | Noticed Asterion
 54805 | Vaults:2 | Killed Asterion
 55755 | Vaults:2 | Received a gift from Okawaru
 56486 | Vaults:2 | Received a gift from Okawaru
 57364 | Vaults:2 | Found a staircase to the Crypt.
 57929 | Vaults:2 | Received a gift from Okawaru
 57929 | Vaults:2 | Reached skill level 16 in Dodging
 58198 | Vaults:2 | Found Teloal's Jewellery Shoppe.
 59488 | Vaults:3 | Reached skill level 10 in Hexes
 59488 | Vaults:3 | Reached XP level 20. HP: 71/108 MP: 36/36
 60100 | Vaults:3 | Received a gift from Okawaru
 61771 | Vaults:3 | Learned a level 5 spell: Summon Mana Viper
 61774 | Vaults:3 | Learned a level 2 spell: Swiftness
 62261 | Vaults:4 | Reached skill level 1 in Air Magic
 62374 | Vaults:4 | Reached skill level 17 in Dodging
 63895 | Vaults:4 | Received a gift from Okawaru
 64045 | Vaults:4 | Found a shattered altar of Ashenzari.
 64671 | Elf:1    | Entered Level 1 of the Elven Halls
 64830 | Elf:1    | Received a gift from Okawaru
 65624 | Elf:1    | Received a gift from Okawaru
 66336 | Elf:2    | Reached XP level 21. HP: 93/113 MP: 32/39
 67182 | Elf:2    | Found a runed translucent gate.
 67182 | Elf:2    | Found a runed translucent gate.
 67243 | Elf:2    | Found a runed translucent gate.
 67350 | Elf:3    | Entered Level 3 of the Elven Halls
 67907 | Elf:3    | Found Ucal's Jewellery Shop.
 68226 | Elf:3    | Received a gift from Okawaru
 68233 | Elf:3    | Identified the +1 robe of a Hundred Lives {-Cast rN+ MR+
                  | Stlth+} (Okawaru gifted it to you on level 3 of the Elven
                  | Halls)
 68774 | Elf:3    | Reached skill level 18 in Dodging
 69023 | Elf:3    | Identified the +9 mace "Unecwoig" {crush, Int+3}
 69023 | Elf:3    | Identified the ring "Naunt" {Fire rElec rPois Dex+7}
 69363 | Elf:3    | Identified the +10 mace of Wehosuku {crush, rF+ rN+ Str+3
                  | Int-2}
 69403 | Elf:3    | Reached skill level 5 in Air Magic
 69571 | Elf:3    | Identified the +7 short sword of Juloats {pierce, rElec
                  | Dex-2 Stlth+}
 69774 | Elf:3    | Identified the amulet of Jes Weuf {RegenMP rC+ Dex+8}
 69779 | Elf:3    | Identified the amulet "Qeyffim" {+Blink Regen+}
 70436 | Elf:3    | Identified the ring of the Commoners {*Tele rF+ Int+4} (You
                  | found it on level 3 of the Elven Halls)
 70439 | Elf:3    | Identified the Papyrus of Sinister Transformation
 70441 | Elf:3    | Identified the Guide on Fetching Dislocation
 70750 | Depths:1 | Entered Level 1 of the Depths
 70813 | Depths:1 | Learned a level 6 spell: Deflect Missiles
 70862 | Depths:1 | Found a transporter.
 70863 | Depths:1 | Noticed Etavak's ghost (legendary TrMo)
 70866 | Depths:1 | Noticed a caustic shrike
 70884 | Depths:1 | Found a gateway to a ziggurat.
 71033 | Depths:1 | Found a transporter.
 71148 | Depths:1 | Received a gift from Okawaru
 71226 | Depths:1 | Noticed Sojobo
 71235 | Depths:1 | Killed Sojobo
 71381 | Depths:1 | Found a gateway to Hell.
 72024 | Depths:1 | Reached XP level 22. HP: 119/119 MP: 41/41
 72409 | Depths:2 | Received a gift from Okawaru
 73070 | Depths:2 | Reached skill level 15 in Evocations
 73534 | Depths:2 | Noticed a juggernaut
 73569 | Depths:2 | Killed a juggernaut
 73569 | Depths:2 | Received a gift from Okawaru
 73569 | Depths:2 | Reached skill level 19 in Dodging
 74117 | Depths:2 | Received a gift from Okawaru
 75219 | Depths:2 | Noticed a juggernaut
 75254 | Depths:2 | Killed a juggernaut
 75421 | Depths:3 | Reached skill level 15 in Spellcasting
 75783 | Depths:3 | Received a gift from Okawaru
 75935 | Depths:3 | Received a gift from Okawaru
 76166 | Depths:3 | Received a gift from Okawaru
 76282 | Depths:3 | Found an ornate altar of the Wu Jian Council.
 76296 | Depths:3 | Found a basalt altar of Yredelemnul.
 76296 | Depths:3 | Found a one-way gate leading to the halls of Pandemonium.
 76789 | Depths:3 | Found a radiant altar of Vehumet.
 76961 | Depths:3 | Reached skill level 20 in Dodging
 76968 | Depths:3 | Learned a level 5 spell: Silence
 76972 | Depths:3 | Learned a level 3 spell: Portal Projectile
 77275 | Depths:3 | Reached XP level 23. HP: 79/125 MP: 38/43
 77444 | Depths:3 | Received a gift from Okawaru
 77530 | Depths:3 | Reached skill level 15 in Translocations
 77880 | Depths:3 | Reached skill level 15 in Fighting
 78655 | Depths:3 | Received a gift from Okawaru
 78704 | Depths:3 | Noticed a juggernaut
 78752 | Depths:3 | Killed a juggernaut
 78752 | Depths:3 | Received a gift from Okawaru
 80539 | Depths:4 | You fall into a shaft and drop 1 floor!
 80539 | Depths:5 | Entered Level 5 of the Depths
 80846 | Depths:4 | Found a one-way gate to the infinite horrors of the Abyss.
 81698 | Depths:4 | Noticed an ancient lich
 81731 | Depths:4 | Killed an ancient lich
 81746 | Depths:4 | Received a gift from Okawaru
 81925 | Depths:4 | Got a brightly glowing iron ring
 81926 | Depths:4 | Identified the ring of Neurosis {+Fly rElec rPois AC+6
                  | Str-2} (You found it on level 4 of the Depths)
 81989 | Depths:4 | Identified the cursed +0 mace of Offence {holy, Str+4} (You
                  | found it on level 4 of the Depths)
 82359 | Depths:5 | Reached XP level 24. HP: 83/131 MP: 34/43
 82700 | Depths:5 | Noticed Margery
 82729 | Depths:5 | Killed Margery
 83129 | Depths:5 | Found a gate to the Realm of Zot.
 83408 | Depths:5 | Received a gift from Okawaru
 84538 | Slime:1  | Entered Level 1 of the Pits of Slime
 85538 | Slime:5  | Entered Level 5 of the Pits of Slime
 85690 | Slime:5  | Gained mutation: You are frail. (-10% HP) [a shining eye]
 85792 | Slime:5  | Noticed the Royal Jelly
 86140 | Slime:4  | Reached skill level 21 in Dodging
 86528 | Slime:5  | Killed the Royal Jelly
 86753 | Slime:5  | Mangled by an azure jelly

Levels and vault maps discovered:
D:1:      dpeg_arrival_concentric_ovals, layout_rooms, okawaru_ov_weapons_minmay
D:2:      minmay_wonky_spiral, layout_loops_ring
D:3:      layout_basic, first_ration, minivault_19, fedhas_altar_2
D:4:      layout_basic
D:5:      layout_loops_ring, overflow_temple_1_default, minmay_temple_entry_tees
D:6:      nicolae_whirlpool, layout_gridville, serial_shops,
          nicolae_shop_waterfront, nicolae_shop_crystal, shop_fountains
D:7:      layout_rooms
D:8:      layout_basic
D:9:      layout_loops_ring, minitemple
D:10:     minmay_the_grid_square_5x5_3x3
          [minmay_the_grid_square_5x5_tetrominoes,
          minmay_the_grid_square_5x5_misaligned,
          minmay_the_grid_square_5x5_three, minmay_the_grid_square_5x5_minimal,
          minmay_the_grid_square_5x5_megaprize_hollow,
          minmay_the_grid_square_5x5_spiral_small,
          minmay_the_grid_square_5x5_inner_i,
          minmay_the_grid_square_5x5_minivault,
          minmay_the_grid_square_5x5_dogpile], layout_basic
D:11:     minmay_chopped_fan, layout_rooms, dpeg_lair_monsters,
          yredelemnul_altar_generic
D:12:     layout_stronghold, hiddenorc1_lemuel, the_bakery,
          kennysheep_generic_room_3
D:13:     layout_irregular_city, palyth_stone_intersect,
          minmay_checkered_concentric_circles
D:14:     layout_basic, grunt_vaults_entry_fortified,
          lemuel_coloured_pillars_altar, uniq_jorgrun
D:15:     grunt_enter_depths_magical_seal, layout_loops_cross,
          nicolae_twisting_strands
Lair:1:   layout_concentric_octagons, serial_bayou_pond_d
Lair:2:   layout_layer_cave
Lair:3:   layout_roguey, skrybe_swamp_entry_bodies, gammafunk_ghost_hydra_chop,
          cheibrodos_lair_lostbears, uniq_gastronok
Lair:4:   layout_hall_layers, minmay_snake_entry_guardpost_medium
Lair:5:   layout_cave_pods, bobbens_dragon_lair_wall, uniq_nessos
Lair:6:   evilmike_catoblepas_cave, layout_cave_pods, dpeg_slime_entry_corner,
          grunt_megastairs_3
Swamp:1:  layout_basic_swamp, hangedman_swamp_lotus, swamp_pool1,
          nicolae_swamp_oklob_treasure_island
Swamp:2:  layout_basic_swamp, evilmike_swamp_ruin_house_5
Swamp:3:  layout_basic_swamp, serial_swamp_ruin, evilmike_swamp_ruin_rubble_2,
          hangedman_swamp_ruin_wall
Swamp:4:  swamp_alternative, layout_basic_swamp, uniq_aizul
Snake:1:  layout_grid_maze, basic_altar, serial_shops, shop
Snake:2:  layout_layer_cave
Snake:3:  layout_concentric_octagons, st_stairs_11, eino_curves_03
Snake:4:  snake_pit, layout_cave_town, grunt_megastairs_2
Slime:1:  layout_caves
Slime:2:  layout_caves
Slime:3:  layout_caves, nicolae_slime_welcoming_committee
Slime:4:  cheibrodos_slime_lost_civilization_9, layout_caves
Slime:5
Orc:1:    layout_caves, serial_shops, shop, nicolae_orc_pool_cavern
Orc:2:    st_orc_ogre_mass, layout_caves, gammafunk_ghost_arena,
          lemuel_statue_altar
Elf:1:    eino_elf_arrival_shootout, layout_gridlike,
          minmay_elf_crystal_hexagon, minivault_23
Elf:2:    layout_gridlike
Elf:3:    elf_hall, layout_geoelf_octagon, serial_shops, nicolae_shop_stone,
          serial_sigils_hangedman_carve
Vaults:1: nicolae_vaults_border_crossing, v_misc_8, vaults_dpeg_spiral,
          vaults_room_fours, ontoclasm_vaults_ring_small,
          nicolae_vaults_little_squares_5, dpeg_vaults_monster_row,
          layout_vaults_omnigrid, serial_shops, nicolae_shop_overgrown_old_shop,
          uniq_nikola
Vaults:2: v_alt_pattern_4, nicolae_vaults_asterisk,
          vaults_standard_mumra_enter_the_diamond,
          minmay_crypt_entry_vampire_xt, grunt_vaults_trifunnel,
          ontoclasm_vaults_hangar, vaults_dpeg_cross, hangedman_vaults_cutoff,
          hangedman_vaults_restitches, nicolae_vaults_diagonal_hallway_6,
          grunt_vaults_bifocal, v_misc_28, nicolae_vaults_little_squares_5,
          nicolae_vaults_alarming, ontoclasm_vaults_fault,
          layout_vaults_omnibox, serial_shops, shop, uniq_asterion
Vaults:3: dpeg_vaults_waves, nicolae_vaults_theta, vaults_room_grid,
          grunt_vaults_funnel, nicolae_vaults_ninety_degrees,
          vaults_room_semicircle, v_misc_31, grunt_vaults_hallway_short,
          layout_vaults_big_room, infiniplex_enter_wizlab_glasses
Vaults:4: hangedman_vaults_corner_blocks, ontoclasm_vaults_chip,
          nicolae_vaults_ring_of_whatevers, v_rooms_1,
          ontoclasm_vaults_loading_screen, hangedman_vaults_hat,
          ontoclasm_vaults_chip, vaults_room_stairs_pillars,
          hangedman_vaults_corner_blocks, vaults_mumra_chevron,
          layout_vaults_ring, basic_altar
Depths:1: layout_basic, enter_ziggurat_c, minmay_misc_feat_pillars,
          hangedman_tar_grid_catacomb, gammafunk_ghost_berserking_beasts,
          kennysheep_generic_room_16, uniq_sojobo
Depths:2: nicolae_legendary_halls, layout_basic, grunt_hell_horde,
          infiniplex_staircase_x
Depths:3: hangedman_slaughterboxes, hell_entry, pan_entry
Depths:4: constructs_gauntlet_mu_hangedman, layout_long_grid,
          pf_vacation_house_of_asmodeus, abyss_entry, minmay_stone_trees_medium,
          infiniplex_staircase_zigzag_5, roderic_lattice_octagonal_star,
          firewood_loft
Depths:5: evilmike_zot_entry_diamond, layout_gridville, grunt_decor_arrowhead,
          grunt_hell_entry_dis_grunt, uniq_margery

Skill      XL: |  1  2  3  4  5  6  7  8  9 10 11 12 13 14 15 16 17 18 19 20 21 22 23 24 |
---------------+-------------------------------------------------------------------------+-----
Stealth        | 2 3 4 5 9 10 | 10.0
Charms         | 1 2 3 4 6 10 | 10.0
Spellcasting   | 3 4 5 6 10 11 13 14 15 16 | 16.2
Short Blades   | 3 4 5 6 8 9 10 | 10.0
Evocations     | 1 3 5 8 10 12 13 14 15 16 | 16.4
Dodging        | 4 5 6 8 10 11 14 15 16 17 18 20 21 | 21.1
Invocations    | 1 2 4 5 9 10 11 12 | 12.0
Fighting       | 2 3 4 5 6 8 10 11 12 13 14 15 | 15.6
Shields        | 2 4 5 7 |  7.4
Slings         | 3 5 8 9 10 11 13 14 | 14.0
Hexes          | 1 6 8 10 11 12 14 | 14.0
Translocations | 8 10 12 14 20 | 20.5
Armour         | 4 5 7 10 | 10.9
Transmutations | 4 10 | 10.0
Necromancy     | 3 |  3.0
Conjurations   | 3 4 |  4.0
Air Magic      | 3 5 6 |  6.0
Throwing       | |  1.0

Action                   |  1- 3 |  4- 6 |  7- 9 | 10-12 | 13-15 | 16-18 | 19-21 | 22-24 || total
-------------------------+-------+-------+-------+-------+-------+-------+-------+-------++-------
Melee: Short sword       |    88 |     8 |       |       |       |       |       |       ||    96
       Dagger            |       |   163 |   131 |     3 |     6 |     7 |    50 |     9 ||   369
 Fire: Hunting sling     |       |     1 |   107 |   846 |  1787 |   225 |       |       ||  2966
       Fustibalus        |       |       |       |       |       |  3165 |  3167 |  2568 ||  8900
Throw: Boomerang         |     5 |       |       |       |       |       |       |       ||     5
       Dart              |    45 |    35 |    68 |       |    15 |       |       |       ||   163
       Stone             |     2 |       |       |       |       |       |       |       ||     2
 Cast: Shroud of Golubri |    10 |    23 |    26 |    16 |    18 |    65 |    55 |    25 ||   238
       Gell's Gravitas   |       |       |     7 |     1 |     5 |       |   128 |   284 ||   425
       Blink             |       |       |     1 |     1 |     2 |     5 |       |     1 ||    10
       Confuse           |       |       |       |       |    13 |       |     7 |     3 ||    23
       Regeneration      |       |       |       |       |       |    13 |    57 |    40 ||   110
       Invisibility      |       |       |       |       |       |       |    18 |     3 ||    21
       Irradiate         |       |       |       |       |       |       |     1 |       ||     1
       Deflect Missiles  |       |       |       |       |       |       |     2 |    11 ||    13
       Silence           |       |       |       |       |       |       |       |     5 ||     5
       Summon Mana Viper |       |       |       |       |       |       |       |     7 ||     7
       Portal Projectile |       |       |       |       |       |       |       |     5 ||     5
Invok: Heroism           |       |       |       |     6 |     8 |    10 |     5 |    10 ||    39
       Finesse           |       |       |       |     1 |     4 |     4 |     4 |     5 ||    18
 Abil: Evoke Flight      |       |       |       |       |     2 |       |       |       ||     2
Evoke: Wand              |       |       |       |     2 |    33 |    30 |    21 |     9 ||    95
       Lamp of fire      |       |       |       |       |     1 |     1 |     5 |     4 ||    11
       Box of beasts     |       |       |       |       |       |       |       |     1 ||     1
  Use: Scroll            |     1 |     8 |     9 |     5 |    11 |     8 |    10 |    11 ||    63
       Potion            |       |       |       |     1 |     1 |     2 |     1 |     3 ||     8
 Stab: Sleeping          |     5 |    11 |     7 |       |       |       |       |       ||    23
       Paralysed         |       |       |       |     3 |     3 |       |     2 |     1 ||     9
       Petrified         |       |       |       |       |     1 |       |       |       ||     1
       Invisible         |       |       |       |       |       |       |     6 |       ||     6
  Eat: Ration            |       |     2 |     3 |     3 |     6 |    11 |    11 |    10 ||    46
Armor: Robe              |     4 |    11 |     7 |     8 |    37 |    85 |       |       ||   152
       Skin              |       |       |       |    12 |       |       |       |       ||    12
       Acid dragon scale |       |       |       |       |       |   126 |   163 |   192 ||   481
Dodge: Dodged            |    72 |    92 |   104 |   106 |   277 |  1256 |  1215 |  1194 ||  4316
       Deflected         |       |       |       |       |       |       |    12 |    96 ||   108
Block: Buckler           |       |       |    34 |    67 |   113 |   527 |   502 |   453 ||  1696

Table legend:
 A = Non-vault XP
 B = Vault XP
 C = Vault XP percentage of total XP
 D = Non-vault monster count
 E = Vault monster count
 F = Vault count percentage of total count
                 A         B        C        D         E       F
            +---------+---------+-------+---------+---------+-------
      Total |  603769 |  489877 |  44.8 |    1361 |     568 |  29.4
            +---------+---------+-------+---------+---------+-------
        D:1 |      17 |       0 |   0.0 |      10 |       0 |   0.0
        D:2 |     103 |       3 |   2.8 |      21 |       2 |   8.7
        D:3 |     143 |       0 |   0.0 |      24 |       0 |   0.0
        D:4 |     186 |       0 |   0.0 |      20 |       0 |   0.0
        D:5 |     488 |       0 |   0.0 |      12 |       0 |   0.0
        D:6 |     299 |       0 |   0.0 |       7 |       0 |   0.0
        D:7 |    1197 |       0 |   0.0 |      29 |       0 |   0.0
        D:8 |    3513 |       0 |   0.0 |      44 |       0 |   0.0
        D:9 |    2020 |       0 |   0.0 |      29 |       0 |   0.0
       D:10 |    1772 |     765 |  30.2 |      12 |       8 |  40.0
       D:11 |    4393 |   12318 |  73.7 |      37 |      18 |  32.7
       D:12 |    6512 |     543 |   7.7 |      31 |      19 |  38.0
       D:13 |    7702 |    2977 |  27.9 |      28 |       5 |  15.2
       D:14 |   14308 |   10562 |  42.5 |      45 |      11 |  19.6
       D:15 |    8539 |    5495 |  39.2 |      28 |       9 |  24.3
     Lair:1 |    4806 |       0 |   0.0 |      24 |       0 |   0.0
     Lair:2 |    3220 |       0 |   0.0 |      11 |       0 |   0.0
     Lair:3 |   11525 |    3585 |  23.7 |      30 |       6 |  16.7
     Lair:4 |    4080 |     802 |  16.4 |      14 |       5 |  26.3
     Lair:5 |    6407 |    6876 |  51.8 |      29 |      25 |  46.3
     Lair:6 |   11784 |   10448 |  47.0 |      37 |      24 |  39.3
    Swamp:1 |    7337 |     565 |   7.2 |      29 |       1 |   3.3
    Swamp:2 |   12794 |       0 |   0.0 |      37 |       0 |   0.0
    Swamp:3 |    8527 |       0 |   0.0 |      19 |       0 |   0.0
    Swamp:4 |   16310 |   20794 |  56.0 |      36 |      30 |  45.5
    Snake:1 |    8317 |       0 |   0.0 |      16 |       0 |   0.0
    Snake:2 |   11532 |       0 |   0.0 |      23 |       0 |   0.0
    Snake:3 |   27978 |    4348 |  13.5 |      54 |       5 |   8.5
    Snake:4 |   28531 |   31594 |  52.5 |      51 |      46 |  47.4
    Slime:1 |    5032 |       0 |   0.0 |      13 |       0 |   0.0
    Slime:2 |    6378 |       0 |   0.0 |       9 |       0 |   0.0
    Slime:3 |    3425 |       0 |   0.0 |      12 |       0 |   0.0
    Slime:4 |   10563 |       0 |   0.0 |      17 |       0 |   0.0
    Slime:5 |    4896 |   23442 |  82.7 |      12 |       6 |  33.3
      Orc:1 |     697 |       0 |   0.0 |       8 |       0 |   0.0
      Orc:2 |    1253 |   18157 |  93.5 |       8 |      42 |  84.0
      Elf:1 |   18581 |    6230 |  25.1 |      25 |      11 |  30.6
      Elf:2 |   14028 |       0 |   0.0 |      23 |       0 |   0.0
      Elf:3 |   26025 |   47042 |  64.4 |      40 |      31 |  43.7
   Vaults:1 |   25138 |   24329 |  49.2 |      47 |      25 |  34.7
   Vaults:2 |   59161 |   12938 |  17.9 |      96 |      27 |  22.0
   Vaults:3 |   34008 |   16245 |  32.3 |      46 |      15 |  24.6
   Vaults:4 |   29519 |   13443 |  31.3 |      49 |      27 |  35.5
   Depths:1 |   30989 |   10776 |  25.8 |      42 |       5 |  10.6
   Depths:2 |   35144 |   42728 |  54.9 |      39 |      33 |  45.8
   Depths:3 |     215 |  119214 |  99.8 |       1 |      94 |  98.9
   Depths:4 |   41655 |   17843 |  30.0 |      43 |      20 |  31.7
   Depths:5 |   42722 |   25815 |  37.7 |      44 |      18 |  29.0
            +---------+---------+-------+---------+---------+-------
